 Dungeon Crawl Stone Soup version 0.22-a0-99-g1ac4c55 (webtiles) character file.

589 4thArraOfDagon the Caller (level 6, 0/45 HPs)
             Began as a Demigod Summoner on Jan 25, 2018.
             Killed from afar by a white imp (9 damage)
             ... with a puff of frost
             ... summoned by Eustachio
             ... on level 6 of the Dungeon.
             The game lasted 00:19:17 (2479 turns).

4thArraOfDagon the Caller (Demigod Summoner)        Turns: 2479, Time: 00:19:18

Health: 0/45       AC:  3    Str: 11    XL:     6   Next: 92%
Magic:  7/13       EV: 15    Int: 25    God:
Gold:   345        SH:  0    Dex: 16    Spells: 1/11 levels left

rFire    . . .     SeeInvis .   y - +0 flail
rCold    . . .     Gourm    .   (no shield)
rNeg     . . .     Faith    .   a - +0 robe
rPois    .         Spirit   .   (no helmet)
rElec    .         Reflect  .   (no cloak)
rCorr    .         Harm     .   (no gloves)
MR       .....                  o - +0 pair of boots
Stlth    +.........             j - amulet of magic regeneration
HPRegen  0.15/turn              g - +3 ring of evasion
MPRegen  0.38/turn              r - +2 ring of intelligence

@: confused, very slightly contaminated
A: high mp 1
a: no special abilities


You were on level 6 of the Dungeon.
You were not hungry.

You visited 1 branch of the dungeon, and saw 6 of its levels.

You collected 345 gold pieces.

Inventory:

Hand Weapons
 k - a +0 short sword
 y - a +0 flail (weapon)
Armour
 a - a +0 robe (worn)
 o - a +0 pair of boots (worn)
Jewellery
 g - a +3 ring of evasion (left hand)
 i - an uncursed amulet of rage
 j - an amulet of magic regeneration (around neck)
 p - an uncursed ring of protection from magic
 r - a +2 ring of intelligence (right hand)
Wands
 e - a wand of enslavement (12)
 f - a wand of clouds (5)
Scrolls
 d - 2 scrolls of teleportation {unknown}
 h - 2 scrolls of remove curse {unknown}
 l - 2 scrolls of random uselessness {unknown}
 m - a scroll of amnesia {unknown}
 q - 2 scrolls of noise {unknown}
 s - a scroll of magic mapping {unknown}
 t - a scroll of fear {unknown}
 u - a scroll of blinking {unknown}
 v - a scroll of enchant weapon {unknown}
 w - a scroll of enchant armour
Books
 b - a book of Callings

   Spells                             Type                      Level
   a - Summon Small Mammal            Summoning                    1
   b - Call Imp                       Summoning                    2
   c - Call Canine Familiar           Summoning                    3
   d - Summon Guardian Golem          Hexes/Summoning              3
   e - Summon Lightning Spire         Summoning/Air                4
   f - Summon Ice Beast               Ice/Summoning                4
Comestibles
 c - 6 rations


   Skills:
 - Level 1.7 Dodging
 - Level 1.7 Stealth
 - Level 3.1 Spellcasting
 * Level 7.4 Summonings


You had one spell level left.
You knew the following spells:

 Your Spells              Type           Power        Failure   Level  Hunger
a - Summon Small Mammal   Summ           ####         1%          1    None
b - Call Imp              Summ           #####...     1%          2    ##.....
c - Call Canine Familiar  Summ           #####...     1%          3    ###....
d - Summon Lightning Spi  Summ/Air       ###.....     22%         4    ####...


Dungeon Overview and Level Annotations

Branches:
Dungeon (6/15)             Temple (0/1) D:5

Shops:
D:6 [

Annotations:
D:4 exclusion: scorpion
D:6 Eustachio


Innate Abilities, Weirdness & Mutations

You have an increased reservoir of magic. (+10% MP)


Message History

You aren't carrying any potions.
The white imp gestures at you. The puff of frost hits you!
* * * LOW HITPOINT WARNING * * *
Unknown command.
Unknown command.
Eustachio asks, "Where am I?"
Unknown command.
Unknown command.
The white imp closely misses you.
Eustachio is engulfed in noxious fumes.
Eustachio appears confused.
Eustachio closely misses the white imp.
Unknown command.
Unknown command.
Eustachio is engulfed in noxious fumes.
Eustachio appears confused.
Unknown command.
Unknown command.
You're too confused to move!
The white imp gestures at you. The puff of frost hits you!
You die...

..........#......h.#......# .. #.
..........#........#......# #.
..........#........#......#...##.
..........#......<.#......#....#.
..........'........#......#....#.
..........##..§....#......#....#.
...##.....##.......#......#....#.
...##.....##@..5...'......#... #.
...........#..§.@..#......#'#####
...........#.§.....######......#.
..........##.......##...#......#.
........@.###÷#######...+......#.
...##.....##.÷......#...#......#.
...##.....##........#...#......+.
..#........#.......##...#......#.
..........##.......##...#......#.
#.∩.#.....##.......##.....####...


You could see Eustachio (confused) and a white imp.

Vanquished Creatures
  2 phantoms (D:5)
  A centaur (D:6)
  A crimson imp (D:6)
  2 giant cockroaches (D:4)
  2 jackals
  2 quokkas
  A frilled lizard (D:2)
  3 kobolds
  A leopard gecko skeleton (D:5)
  6 rats
21 creatures vanquished.

Vanquished Creatures (collateral kills)
  An ogre (D:6)
  A bullfrog (D:2)
  A wyvern skeleton (D:6)
  4 scorpions
  A crimson imp (D:6)
  A bullfrog zombie (D:6)
  A hound (D:6)
  A jelly (D:6)
  2 worker ants
  An orc wizard (D:6)
  A killer bee zombie (D:6)
  2 hound skeletons
  4 adders
  4 worms
  5 orcs
  3 bats
  4 giant cockroaches
  2 goblins
  6 jackals
  4 kobolds
  3 quokkas
  A rat (D:1)
53 creatures vanquished.

Grand Total: 74 creatures vanquished

Notes
Turn   | Place    | Note
-------+----------+-------------------------------------------
     0 | D:1      | 4thArraOfDagon the Demigod Summoner began the quest for the Orb.
     0 | D:1      | Reached XP level 1. HP: 14/14 MP: 5/5
   122 | D:4      | Noticed a scorpion
   404 | D:2      | Reached XP level 2. HP: 20/20 MP: 7/7
   454 | D:2      | Learned a level 2 spell: Call Imp
   465 | D:2      | Reached skill level 4 in Summonings
   939 | D:2      | Noticed a bullfrog
   945 | D:2      | Killed a bullfrog
   945 | D:2      | Reached XP level 3. HP: 17/26 MP: 2/8
   965 | D:2      | Learned a level 3 spell: Call Canine Familiar
  1059 | D:3      | Reached skill level 5 in Summonings
  1120 | D:4      | Noticed a scorpion
  1132 | D:4      | Killed a scorpion
  1132 | D:4      | Reached XP level 4. HP: 18/33 MP: 1/9
  1312 | D:4      | Found a hide-covered altar of Uskayaw.
  1365 | D:4      | Reached skill level 6 in Summonings
  1365 | D:4      | Reached XP level 5. HP: 38/38 MP: 5/10
  1396 | D:5      | Entered Level 5 of the Dungeon
  1459 | D:5      | Noticed a phantom
  1508 | D:5      | Noticed a phantom
  1586 | D:5      | Killed a phantom
  1604 | D:5      | Killed a phantom
  1724 | D:5      | Found a staircase to the Ecumenical Temple.
  1823 | D:6      | Thaneod: ?lg Thaneod
  1827 | D:6      | Thaneod: !lg Thaneod
  1827 | D:6      | 4thArraOfDagon: !lg Thaneod
  1827 | D:6      | beem: 871. Thaneod the Archmage (L27 DEFE of Vehumet), blasted by a Hell Sentinel (damnation) on Zig:21 on 2018-01-25 23:19:37, with 1663999 points after 120807 turns and 14:50:20.
  1827 | D:6      | beem: 871. Thaneod the Archmage (L27 DEFE of Vehumet), blasted by a Hell Sentinel (damnation) on Zig:21 on 2018-01-25 23:19:37, with 1663999 points after 120807 turns and 14:50:20.
  1827 | D:6      | 4thArraOfDagon: ah
  1827 | D:6      | 4thArraOfDagon: level dis?
  1841 | D:6      | Found a deep blue altar of Sif Muna.
  1890 | D:6      | Thaneod: hell hentinels
  1945 | D:6      | Thaneod: !lg Thaneod -log
  1947 | D:6      | beem: 871. Thaneod, XL27 DEFE, T:120807: http://crawl.xtahua.com/crawl/morgue/Thaneod/morgue-Thaneod-20180125-231937.txt
  1966 | D:6      | Noticed an ogre
  1966 | D:6      | Noticed a centaur
  1978 | D:6      | Reached XP level 6. HP: 29/45 MP: 4/12
  2123 | D:6      | Thaneod: jak chcesz to znowu zrobię jakiegoś to sobie porzeżnisz:)
  2131 | D:6      | Reached skill level 7 in Summonings
  2166 | D:6      | 4thArraOfDagon: w sumie
  2166 | D:6      | 4thArraOfDagon: mozesz machnac
  2166 | D:6      | 4thArraOfDagon: na zigi dobry jest mak
  2166 | D:6      | 4thArraOfDagon: bo sie nie da zginac
  2166 | D:6      | Thaneod: a MP?
  2216 | D:6      | 4thArraOfDagon: masz z sulbimation
  2287 | D:6      | 4thArraOfDagon: na max levelu sulbimation odzyskuje ci cale mp
  2302 | D:6      | Thaneod: hah, czyli na poczatel veh, a potem mak?
  2391 | D:6      | Thaneod: też tak czasem masz że się zagapiasz i giniesz:>?
  2395 | D:6      | 4thArraOfDagon: taaaa
  2395 | D:6      | 4thArraOfDagon: za duzo gry, trzeba czasami odpoczac bo juz czlowiek niemysli
  2429 | D:6      | Found Ukurull's Antique Armour Boutique.
  2439 | D:6      | Noticed Eustachio
  2447 | D:6      | Learned a level 4 spell: Summon Lightning Spire
  2479 | D:6      | Killed from afar by a white imp

Vault maps used:
D:1:      dpeg_arrival_brainrot
D:2:      chequers_ecumenical_altar_simple
D:3:      minmay_door_square
D:4:      cheibrodos_helix_gallery, lemuel_coloured_pillars_altar, serial_shops,
          nicolae_shop_stone
D:5:      old_standard_altar, minmay_temple_entry_trees, first_ration,
          uniq_menkaure
D:6:      nicolae_overflow_crystal_walls, nemelex_xobeh_ov_fountains_minmay,
          serial_shops, nicolae_shop_stone, minmay_joined_circles,
          uniq_eustachio

Skill      XL: |  1  2  3  4  5  6 |
---------------+-------------------+-----
Spellcasting   | 2 3 |  3.1
Summonings     | 4 5 6 7 |  7.4
Dodging        | |  1.7
Stealth        | |  1.7

Action                   |  1- 3 |  4- 6 || total
-------------------------+-------+-------++-------
Melee: Unarmed           |    36 |       ||    36
       Short sword       |    15 |    46 ||    61
       Flail             |       |    15 ||    15
 Cast: Summon Small Mamm |    22 |     1 ||    23
       Call Imp          |    19 |    17 ||    36
       Call Canine Famil |     4 |    27 ||    31
Evoke: Wand              |       |     3 ||     3
  Use: Scroll            |     2 |     2 ||     4
       Potion            |     1 |     2 ||     3
 Stab: Sleeping          |     3 |     3 ||     6
       Distracted        |       |     1 ||     1
  Eat: Chunk             |     2 |     9 ||    11
Armor: Robe              |    10 |    10 ||    20
Dodge: Dodged            |    57 |    82 ||   139

Table legend:
 A = Spawn XP
 B = Non-spawn XP
 C = Spawn XP percentage of total XP
 D = Spawn monster count
 E = Non-spawn monster count
 F = Spawn count percentage of total count
 G = Total turns spent on level
                    A         B        C        D         E        F      G
               +---------+---------+-------+---------+---------+-------+---------
         Total |       0 |     842 |   0.0 |       0 |      74 |   0.0 |  2479
               +---------+---------+-------+---------+---------+-------+---------
           D:1 |       0 |       8 |   0.0 |       0 |       8 |   0.0 |   264
           D:2 |       0 |      67 |   0.0 |       0 |      13 |   0.0 |   401
           D:3 |       0 |      24 |   0.0 |       0 |      14 |   0.0 |   351
           D:4 |       0 |     159 |   0.0 |       0 |      13 |   0.0 |   380
           D:5 |       0 |     135 |   0.0 |       0 |       3 |   0.0 |   359
           D:6 |       0 |     449 |   0.0 |       0 |      23 |   0.0 |   724
               +---------+---------+-------+---------+---------+-------+---------
